 Dungeon Crawl Stone Soup version 0.25-a0-659-gdb1d69e (webtiles) character file.

Game seed: 4624774722202131210, levelgen mode: deterministic

79 ssssssssss the Ducker (level 4, 0/44 HPs)
             Began as a Troll Fighter on Mar 22, 2020.
             Was a Follower of Vehumet.
             Killed from afar by Robin (8 damage)
             ... with a puff of flame
             ... on level 3 of the Dungeon.
             The game lasted 00:23:17 (1521 turns).

ssssssssss the Ducker (Troll Fighter)               Turns: 1521, Time: 00:23:17

Health: 0/44       AC:  6    Str: 25    XL:     4   Next: 17%
Magic:  3/3        EV:  8    Int:  4    God:    Vehumet [*.....]
Gold:   74         SH:  9    Dex:  9    Spells: 3/3 levels left

rFire    . . .     SeeInvis .   y - +0 dagger (curse)
rCold    . . .     Gourm    +   c - +0 kite shield
rNeg     . . .     Faith    .   b - +0 robe
rPois    .         Spirit   .   (helmet restricted)
rElec    .         Reflect  .   (no cloak)
rCorr    .         Harm     .   (gloves unavailable)
MR       .....                  (boots unavailable)
Stlth    +.........             t - amulet of rage
HPRegen  0.54/turn              (no ring)
MPRegen  0.08/turn              (no ring)

@: no status effects
A: large, unfitting armour, claws 3, fast metabolism 3, gourmand, regeneration
1, shaggy fur 1, tough skin 3
a: Renounce Religion, Evoke Berserk Rage


You were on level 3 of the Dungeon.
You worshipped Vehumet.
Vehumet was aware of your devotion.
You were very hungry.

You visited 1 branch of the dungeon, and saw 3 of its levels.

You collected 74 gold pieces.

Inventory:

Hand Weapons
 a - a +0 war axe {demise}
 g - a +0 whip
 h - a +0 club
 i - a +1 short sword of venom {demise 2}
 q - a +0 hunting sling
 r - a +0 mace
 s - a +0 hunting sling
 u - a +0 dagger
 v - a +0 spear
 x - a +3 dagger of freezing
 y - a cursed +0 dagger (weapon)
Missiles
 j - 43 arrows
 n - 8 atropa-tipped darts (quivered)
 p - 42 stones
Armour
 b - a +0 robe (worn)
 c - a +0 kite shield (worn)
 e - a +0 helmet
 l - a +0 robe
 m - a +0 pair of gloves
Jewellery
 t - an amulet of rage (around neck)
Scrolls
 w - a scroll of fear
Potions
 d - a potion of might
 k - 2 potions of flight {unknown}
 o - 2 potions of lignification {unknown}
 z - a potion of heal wounds {unknown}
Comestibles
 f - 5 rations


   Skills:
 + Level 2.9 Fighting
 + Level 0.3 Short Blades
 + Level 1.8(1.9) Axes
 + Level 0.7(1.4) Polearms
 + Level 3.0 Dodging
 + Level 2.9 Shields


You had 3 spell levels left.
You didn't know any spells.
Your spell library was empty.

Dungeon Overview and Level Annotations

Branches:
Dungeon (3/15)

Altars:
Vehumet

Annotations:
D:3 2 transporters, Heh's ghost, amateur OpSk; Robin


Innate Abilities, Weirdness & Mutations

You are too large for most types of armour.
You have claws for hands.
Your metabolism is lightning-fast.
You like to eat raw meat.
Your natural rate of healing is unusually fast.
You are covered in fur. (AC +1)
You have extremely tough skin. (AC +3)


Message History

You closely miss Robin.
Robin is moderately wounded.
Robin completely misses you.
You hit Robin.
Robin is moderately wounded.
Robin hits you with a +0 whip.
* * * LOW HITPOINT WARNING * * *
Your shield prevents you from hitting Robin.
Robin is moderately wounded.
Robin hits you but does no damage.
You closely miss Robin.
Robin is moderately wounded.
Robin hits you but does no damage.
You hit Robin but do no damage.
Robin is moderately wounded.
Robin hits you but does no damage.
You hit Robin.
Robin is heavily wounded.
Robin zaps a wand.
The puff of flame hits you!
You die...

#######.#
#....##.###
#######.##......##
#...........###.....
#.#####.#...# .####
#.# #.##..###.# #.#
#...g.....#
####.###########.###
#....g@.# #)#
#.##.##.# #g# # #.#
.# #)# #.# .# #...#
..# .# #>....# .##
.# #.......# #. .#
#.........# .. ..
+.........+
#.........#


You could see Robin.

Vanquished Creatures
  2 adders (D:2)
  2 worms (D:2)
  A dart slug (D:2)
  2 leopard geckos
  A ball python (D:3)
  2 giant cockroaches (D:2)
  15 goblins
  7 hobgoblins
  A quokka (D:2)
  2 bats (D:2)
  5 frilled lizards
  5 kobolds
  4 rats (D:2)
49 creatures vanquished.

Notes
Turn   | Place    | Note
-------+----------+-------------------------------------------
     0 | D:1      | ssssssssss the Troll Fighter began the quest for the Orb.
     0 | D:1      | Reached XP level 1. HP: 22/22 MP: 0/0
   615 | D:2      | Reached XP level 2. HP: 20/29 MP: 1/1
   813 | D:2      | Reached XP level 3. HP: 36/36 MP: 2/2
   849 | D:2      | Found a radiant altar of Vehumet.
   904 | D:2      | Became a worshipper of Vehumet
  1367 | D:3      | Found a transporter.
  1371 | D:3      | Noticed Heh's ghost (amateur OpSk)
  1375 | D:3      | Noticed an ogre
  1386 | D:3      | Found a transporter.
  1389 | D:3      | Identified the +5 great mace of Zacw {vamp, rF+}
  1389 | D:3      | Noticed an ogre
  1434 | D:3      | Noticed Robin
  1441 | D:3      | Reached XP level 4. HP: 44/44 MP: 3/3
  1443 | D:3      | Reached skill level 3 in Dodging
  1469 | D:3      | Reached * piety under Vehumet
  1469 | D:3      | Offered knowledge of Foxfire by Vehumet.
  1494 | D:3      | HP: 2/44 [Robin/puff of flame (6)]
  1521 | D:3      | Killed from afar by Robin

Levels and vault maps discovered:
D:1:      dpeg_arrival_stone_temple_mockup, layout_basic,
          corexii_leaking_fountain
D:2:      minmay_evil_eye, layout_basic, vehumet_crystals, minmay_statues_item,
          nrook_campfire, kennysheep_generic_room_3
D:3:      layout_loops_corners, gammafunk_ghost_smash, minmay_cupped, uniq_robin

Skill      XL: |  1  2  3  4 |
---------------+-------------+-----
Dodging        | 3 |  3.0
Fighting       | |  2.9
Short Blades   | |  0.3
Axes           | |  1.8
Polearms       | |  0.7
Shields        | |  2.9

Action                   |  1- 3 |  4- 6 || total
-------------------------+-------+-------++-------
Melee: Short sword       |    37 |       ||    37
       War axe           |     9 |       ||     9
       Spear             |    79 |       ||    79
       Dagger            |    17 |    53 ||    70
  Use: Scroll            |     4 |       ||     4
  Eat: Ration            |     3 |       ||     3
Armor: Robe              |    56 |    19 ||    75
Dodge: Dodged            |    31 |    10 ||    41
Block: Kite shield       |    54 |    28 ||    82

Table legend:
 A = Non-vault XP
 B = Vault XP
 C = Vault XP percentage of total XP
 D = Non-vault monster count
 E = Vault monster count
 F = Vault count percentage of total count
                 A         B        C        D         E       F
            +---------+---------+-------+---------+---------+-------
      Total |      77 |      37 |  32.5 |      33 |      16 |  32.7
            +---------+---------+-------+---------+---------+-------
        D:1 |       5 |       0 |   0.0 |       3 |       0 |   0.0
        D:2 |      66 |      19 |  22.4 |      27 |       5 |  15.6
        D:3 |       6 |      18 |  75.0 |       3 |      11 |  78.6
            +---------+---------+-------+---------+---------+-------
